AoeStats
← Clueless Clown

Black Forest

503708798Analyzed
2v2 RM · 1mo ago on Sep 1, 2026· 100m 16s· 4 players
Game mode
Random Map
Map size
Medium (4 player)
Population
200
Speed
Normal
Resources
Standard
Victory
Conquest
Starting age
Dark Age
Ending age
Imperial Age
RankedLock teamsTeams togetherTeam positionsShared explorationLock speedFull tech treeHidden civsTurbo modeCheats
Victory
Defeat
🇧🇷 Ethiopians · Brazil
1031
+13
🇧🇷 Spanish · Brazil
888
+19
🇦🇷 Britons · Argentina
956
-16
🇺🇸 Spanish · United States
954
-16
Clueless Clown
11:38 Feudal Age
15:24 Castle Age
13:46 Double-Bit Axe
14:54 Horse Collar
16:06 Loom
23:05 Bow Saw
24:06 Heavy Plow
25:54 Wheelbarrow
26:17 Gold Mining
27:16 Hand Cart
30:54 Imperial Age
29:32 Stone Mining
29:50 Caravan
30:05 Bloodlines
29:55 Husbandry
30:15 Fletching
30:31 Scale Barding Armor
30:36 Forging
32:45 Conscription
33:34 Stone Shaft Mining
32:52 Town Watch
33:29 Chain Barding Armor
33:19 Forging
33:05 Bodkin Arrow
33:48 Supremacy
35:21 Two-Man Saw
33:46 Elite Conquistador
35:03 Capped Ram
36:31 Hoardings
36:14 Guilds
37:19 Chemistry
36:20 Bracer
36:56 Plate Barding Armor
36:58 Iron Casting
36:24 Padded Archer Armor
36:08 Siege Ram
37:30 Ballistics
38:48 Onager
41:59 Blast Furnace
41:17 Leather Archer Armor
40:24 Cavalier
43:13 Paladin
52:24 Town Patrol
54:31 Ring Archer Armor
67:02 Bombard Tower
68:46 Light Cavalry
71:00 Herbal Medicine
81:54 Hussar
95:19 Masonry
98:06 Architecture
Carozzoo
1:33 Loom
13:51 Feudal Age
17:59 Castle Age
16:07 Double-Bit Axe
18:49 Horse Collar
19:02 Gold Mining
20:22 Heavy Plow
22:33 Wheelbarrow
23:46 Bow Saw
24:16 Hand Cart
25:05 Stone Mining
27:42 Gold Shaft Mining
30:57 Imperial Age
27:50 Crossbowman
28:53 Pikeman
32:13 Fletching
34:17 Bodkin Arrow
34:23 Padded Archer Armor
34:43 Padded Archer Armor
35:33 Forging
36:49 Elite Longbowman
37:33 Bracer
37:48 Leather Archer Armor
38:01 Arbalester
38:02 Elite Skirmisher
39:28 Masonry
39:40 Caravan
40:54 Leather Archer Armor
41:30 Onager
43:40 Ring Archer Armor
43:46 Iron Casting
43:11 Scale Mail Armor
42:33 Halberdier
43:14 Squires
44:08 Ballistics
44:48 Chemistry
45:21 Architecture
45:01 Fortified Wall
44:29 Light Cavalry
45:05 Light Cavalry
47:59 Scale Barding Armor
51:23 Blast Furnace
50:58 Chain Mail Armor
51:04 Chain Barding Armor
55:50 Cavalier
60:15 Plate Barding Armor
60:47 Plate Mail Armor
Galkar
0:31 Loom
11:57 Feudal Age
13:24 Feudal Age
16:53 Castle Age
17:08 Double-Bit Axe
17:05 Horse Collar
25:33 Bow Saw
28:36 Heavy Plow
28:39 Caravan
30:02 Wheelbarrow
29:12 Town Watch
29:30 Elite Skirmisher
30:11 Padded Archer Armor
30:01 Fletching
30:17 Thumb Ring
31:08 Leather Archer Armor
31:23 Stone Mining
31:57 Ballistics
31:47 Fortified Wall
34:43 Imperial Age
32:58 Bodkin Arrow
33:57 Hand Cart
33:42 Town Patrol
35:36 Bracer
36:19 Ring Archer Armor
37:57 Chemistry
37:32 Torsion Engines
37:53 Conscription
38:20 Siege Engineers
40:06 Murder Holes
40:23 Masonry
39:37 Halberdier
40:18 Squires
39:47 Elite Shotel Warrior
46:17 Scale Mail Armor
46:27 Forging
47:31 Chain Mail Armor
46:42 Halberdier
51:25 Arson
52:11 Plate Mail Armor
52:16 Iron Casting
52:39 Royal Heirs
56:05 Blast Furnace
Joelho de Ganso
0:27 Loom
11:41 Feudal Age
14:33 Wheelbarrow
19:31 Castle Age
18:41 Double-Bit Axe
26:57 Horse Collar
33:39 Imperial Age
30:58 Town Watch
32:54 Hand Cart
35:22 Chemistry
35:21 Fortified Wall
35:48 Padded Archer Armor
35:38 Fletching
37:06 Heavy Plow
37:15 Scale Barding Armor
37:18 Caravan
38:20 Bombard Tower
38:15 Husbandry
38:27 Bloodlines
40:49 Chain Barding Armor
39:54 Cavalier
46:42 Paladin
48:23 Light Cavalry
55:11 Pikeman
55:53 Squires
55:38 Gambesons
55:38 Arson
59:32 Halberdier
74:27 Plate Barding Armor
73:54 Scale Mail Armor
74:05 Forging
83:45 Bow Saw
91:47 Chain Mail Armor
92:07 Iron Casting
Connection lost

Rejoining the realm…

Still unreachable

The connection could not be restored.

Session expired

The server has moved on; the page needs a fresh start.